 Dungeon Crawl Stone Soup version 0.30.0-10-gfe55d96785 (webtiles) character file.

Game seed: 12444029322529119028

28 Pimp the Shooter (level 3, -6/21 HPs)
             Began as a Deep Elf Hunter on May 15, 2023.
             Mangled by a gnoll
             ... wielding a +0 whip
              (7 damage)
             ... on level 2 of the Dungeon.
             The game lasted 00:01:36 (629 turns).

Pimp the Shooter (Deep Elf Hunter)                   Turns: 629, Time: 00:01:37

Health: -6/21      AC:  3    Str:  8    XL:     3   Next: 0%
Magic:  5/5        EV: 13    Int: 13    God:
Gold:   35         SH:  0    Dex: 20    Spells: 2/2 levels left

rFire   . . .        a - +0 shortbow
rCold   . . .        (shield currently unavailable)
rNeg    . . .        c - +0 leather armour
rPois   .            (no helmet)
rElec   .            (no cloak)
rCorr   .            (no gloves)
SInv    .            (no boots)
Will    .....        (no amulet)
Stlth   ++           (no ring)
HPRegen 0.23/turn    (no ring)
MPRegen 0.09/turn

%: no passive effects
@: no status effects
A: no striking features
a: no special abilities


You were on level 2 of the Dungeon.
You visited 1 branch of the dungeon, and saw 2 of its levels.

You collected 35 gold pieces.

Inventory:

Hand Weapons
 a - a +0 shortbow (weapon)
Armour
 c - a +0 leather armour (worn)
Scrolls
 b - a scroll of immolation
 e - 4 scrolls of torment


   Skills:
 + Level 2.0 Fighting
 + Level 5.6 Ranged Weapons
 + Level 3.0 Dodging
 + Level 2.2 Stealth


You had 2 spell levels left.
You didn't know any spells.
Your spell library was empty.

Dungeon Overview and Level Annotations

Branches:
Dungeon (2/15)

Altars:


Message History

A gnoll comes into view. It is wielding a +0 whip.
You shoot an arrow. The arrow hits the adder.
The adder is moderately wounded.
You shoot an arrow. The arrow misses the adder.
A gnoll comes into view. It is wielding a +0 spear.
You shoot an arrow. The arrow misses the adder.
The adder barely misses you.
A gnoll comes into view. It is wielding a +0 club.
The adder bites you.
You are poisoned.
The adder poisons you!
You shoot an arrow. The gnoll shouts!
The arrow hits the adder!
You kill the adder!
You feel sick.
You hear a shout!
You hear an angry hiss.
Your Fighting skill increases to level 2!
Your Dodging skill increases to level 3!
You have reached level 3!
Your experience leads to an increase in your attributes!
Increase (S)trength, (I)ntelligence, or (D)exterity?
You feel agile. x2
The gnoll attacks as you move away! The gnoll hits you with a +0 whip.
You feel sick. The gnoll attacks as you move away!
The gnoll closely misses you.
You feel sick. The gnoll attacks as you move away!
The gnoll hits you with a +0 whip!
* * * LOW HITPOINT WARNING * * *
x2 You feel sick.
* * * LOW HITPOINT WARNING * * *
You feel sick.
You aren't carrying any potions.
As you read the scroll labelled SAFANY CIOTHA, it crumbles to dust.
It is a scroll of identify.
e - 4 scrolls of torment
* * * LOW HITPOINT WARNING * * *
You feel sick.
You are no longer poisoned.
The gnoll hits you with a +0 whip!
You die...

########
#...<..#####
#.#........#
###.###.#.##.###.#
#.........##.# #@#
#.#.###.####.# #g#
#.####.# #.####
#......# #....#
######## ####g# .#
g# g# .#


You could see a gnoll.

Vanquished Creatures
  An adder (D:2)
  A dart slug (D:1)
  3 ball pythons (D:1)
  An endoplasm (D:1)
  A giant cockroach (D:1)
  3 goblins (D:1)
  3 hobgoblins (D:1)
  A quokka (D:1)
  A frilled lizard (D:1)
  A rat (D:1)
16 creatures vanquished.

Notes
Turn   | Place    | Note
-------+----------+-------------------------------------------
     0 | D:1      | Pimp the Deep Elf Hunter began the quest for the Orb.
     0 | D:1      | Reached XP level 1. HP: 12/12 MP: 3/3
   109 | D:1      | Reached XP level 2. HP: 14/17 MP: 4/4
   625 | D:2      | Reached XP level 3. HP: 17/21 MP: 5/5
   628 | D:2      | HP: 1/21 [poisoned by an adder]
   629 | D:2      | Mangled by a gnoll

Illustrated notes

Levels and vault maps discovered:
D:1:      sevenhm_arrival_forest_fort_large_4, layout_basic
D:2:      layout_loops_cross, nicolae_titane, uniq_natasha

Skill      XL: |  1  2 |
---------------+-------+-----
Stealth        | 2 |  2.2
Fighting       | 2 |  2.0
Dodging        | 3 |  3.0
Ranged Weapons | |  5.6

Action                     || total
---------------------------++-------
   Fire: Shortbow          ||    52
    Use: Scroll            ||     1
 Armour: Leather armour    ||     8
  Dodge: Dodged            ||    20
